 Dungeon Crawl Stone Soup version 0.21-a0-2-ge494091 (webtiles) character file.

121 mopl the Chucker (level 4, -5/41 HPs)
             Began as a Troll Hunter on May 22, 2017.
             Splashed by a jelly's acid (8 damage)
             ... on level 2 of the Dungeon.
             The game lasted 00:02:47 (1307 turns).

mopl the Chucker (Troll Hunter)                     Turns: 1307, Time: 00:02:50

Health: -5/41      AC: -3    Str: 20    XL:     4   Next: 76%
Magic:  3/3        EV: 10    Int:  7    God:
Gold:   30         SH:  0    Dex: 15    Spells: 3/3 levels left

rFire    . . .     SeeInvis .     - Unarmed
rCold    . . .     Gourm    +   (no shield)
rNeg     . . .     Faith    .   b - +0 robe
rPois    .         Spirit   .   (helmet restricted)
rElec    .         Reflect  .   (no cloak)
rCorr    .         Harm     .   (gloves unavailable)
MR       .....                  (boots unavailable)
Stlth    ++........             (no amulet)
Regen    0.6/turn               i - +4 ring of dexterity
MPRegen  0.1/turn               (no ring)

@: corroded
A: unfitting armour, claws 3, fast metabolism 3, gourmand, regeneration 1,
shaggy fur 1, tough skin 2
a: no special abilities


You were on level 2 of the Dungeon.
You were very full.

You visited 1 branch of the dungeon, and saw 2 of its levels.

You collected 30 gold pieces.

Inventory:

Missiles
 c - 3 large rocks (quivered)
 d - 2 throwing nets
Armour
 b - a +0 robe (worn)
Jewellery
 i - a +4 ring of dexterity (left claw)
Scrolls
 a - a scroll of remove curse {unknown}
 g - 3 scrolls of teleportation {unknown}
 j - a scroll of random uselessness {unknown}
 n - 2 scrolls of identify {unknown}
Potions
 e - 4 potions of agility {unknown}
 k - a potion of berserk rage {unknown}
 l - a potion of curing {unknown}
 m - 2 potions of mutation {unknown}
 p - a potion of lignification {unknown}
Comestibles
 f - 4 bread rations
 h - a meat ration


   Skills:
 - Level 1.5 Fighting
 + Level 4.5 Throwing
 - Level 1.5 Dodging
 - Level 0.3 Stealth
 * Level 3.3 Unarmed Combat


You had 3 spell levels left.
You didn't know any spells.

Dungeon Overview and Level Annotations

Branches:
Dungeon (2/15)

Altars:
Makhleb
Okawaru
Sif Muna
Trog
Yredelemnul


Innate Abilities, Weirdness & Mutations

You are too large for most types of armour.
You have claws for hands.
Your metabolism is lightning-fast.
You like to eat raw meat.
Your natural rate of healing is unusually fast.
You are covered in fur. (AC +1)
You have very tough skin. (AC +2)


Message History

Unknown command.
Throwing (i - inventory. (,) - cycle):
c - 5 large rocks (quivered)
Press: ? - help, Shift-Dir - straight line, f - jelly
Aim: a jelly (heavily wounded)
You throw a large rock. The large rock hits the jelly.
The jelly is severely wounded.
The jelly closely misses you. The jelly hits you.
* * * LOW HITPOINT WARNING * * *
You are splashed with acid!
The acid burns!
* * * LOW HITPOINT WARNING * * *
Throwing (i - inventory. (,) - cycle):
c - 4 large rocks (quivered)
Press: ? - help, Shift-Dir - straight line, f/p - jelly
Aim: a jelly (severely wounded)
You throw a large rock.
The large rock hits the jelly but does no damage.
The jelly is severely wounded.
The jelly hits you.
* * * LOW HITPOINT WARNING * * *
You are splashed with acid!
The acid burns!
You die...

#.#.##...##.#.#######..#
#.#.##.!.##.#.##........
#.#........©#.##.####..#
#.#.##...##.#.##.# #..#
#.#.##...##.#.##.# #..#
#.#.$(r$S?$.#.##.# #..#
#.##8__z__8##.##.####..#
#..#########............
##.....@.....##.######.#
##...)J.##.###.# #..
#######.##...##.#
#.######.#
#.....#.#.###.#.#
#......(.. #.....#..##
##..########....
#..)....##
##....#####....
#.....##.##
##.###..........
#.....###.###.##
#######.... ###<###
##.#.## ###.#


You could see a jelly, a wight, an adder and a rat.

Vanquished Creatures
  An orc wizard (D:2)
  3 gnolls (D:2)
  3 adders (D:2)
  2 worms (D:2)
  6 bats
  A giant cockroach (D:2)
  4 goblins
  3 hobgoblins (D:2)
  A quokka (D:2)
  4 frilled lizards
  10 rats
38 creatures vanquished.

Notes
Turn   | Place    | Note
-------+----------+-------------------------------------------
     0 | D:1      | mopl the Troll Hunter began the quest for the Orb.
     0 | D:1      | Reached XP level 1. HP: 19/19 MP: 0/0
   126 | D:1      | Reached skill level 1 in Unarmed Combat
   161 | D:1      | Reached XP level 2. HP: 27/27 MP: 1/1
   473 | D:2      | Found a deep blue altar of Sif Muna.
   475 | D:2      | Found an iron altar of Okawaru.
   475 | D:2      | Found a burning altar of Makhleb.
   476 | D:2      | Found a bloodstained altar of Trog.
   476 | D:2      | Noticed a wight
   530 | D:2      | Reached skill level 4 in Throwing
   548 | D:2      | Reached skill level 2 in Unarmed Combat
   549 | D:2      | Reached XP level 3. HP: 33/33 MP: 2/2
   753 | D:2      | Found a basalt altar of Yredelemnul.
   897 | D:2      | Reached XP level 4. HP: 41/41 MP: 3/3
  1123 | D:2      | Reached skill level 3 in Unarmed Combat
  1307 | D:2      | Splashed by a jelly's acid

Vault maps used:
D:1:      ncdulo_wetmaze, minmay_rat_gold_closets
D:2:      lemuel_crystal_altar, gammafunk_temple_overflow_arena,
          minmay_misc_feat_more_columns

Skill      XL: |  1  2  3  4 |
---------------+-------------+-----
Unarmed Combat | 1 2 3 |  3.3
Throwing       | 4 |  4.5
Fighting       | |  1.5
Dodging        | |  1.5
Stealth        | |  0.3

Action                   |  1- 3 |  4- 6 || total
-------------------------+-------+-------++-------
Melee: Unarmed           |    87 |    24 ||   111
       Short sword       |     9 |       ||     9
       Punch             |     1 |       ||     1
Throw: Large rock        |       |     2 ||     2
 Stab: Sleeping          |     5 |     1 ||     6
  Eat: Chunk             |    13 |     4 ||    17
Armor: Robe              |    41 |     6 ||    47
Dodge: Dodged            |    60 |     7 ||    67
